 Dungeon Crawl Stone Soup version 0.22-a0-587-g7d32d7c (webtiles) character file.

3616 royokou the Severer (level 9, -6/71 HPs)
             Began as a Minotaur Fighter on July 4, 2018.
             Was a Follower of Makhleb.
             Mangled by a two-headed ogre
             ... wielding a +0 giant club
              (10 damage)
             ... on level 8 of the Dungeon.
             The game lasted 00:17:50 (8434 turns).

royokou the Severer (Minotaur Fighter)              Turns: 8434, Time: 00:17:51

Health: -6/71      AC: 11    Str: 20    XL:     9   Next: 86%
Magic:  0/8        EV:  3    Int:  5    God:    Makhleb [*.....]
Gold:   386        SH: 10    Dex: 14    Spells: 8/8 levels left

rFire    . . .     SeeInvis .   w - +0 broad axe
rCold    . . .     Gourm    .   c - +0 shield
rNeg     . . .     Faith    .   v - +0 plate armour
rPois    +         Spirit   +   (helmet restricted)
rElec    .         Reflect  .   (no cloak)
rCorr    .         Harm     .   (no gloves)
MR       .....                  (no boots)
Stlth    ..........             r - amulet of guardian spirit
HPRegen  0.21/turn              q - ring of poison resistance
MPRegen  0.11/turn              (no ring)

@: no status effects
A: retaliatory headbutt, horns 2
a: Renounce Religion


You were on level 8 of the Dungeon.
You worshipped Makhleb.
Makhleb was aware of your devotion.
You were near starving.

You visited 2 branches of the dungeon, and saw 9 of its levels.

You collected 419 gold pieces.
You spent 33 gold pieces at shops.

Inventory:

Hand Weapons
 a - a +0 war axe
 w - a +0 broad axe (weapon)
Armour
 b - a +0 scale mail
 c - a +0 shield (worn)
 d - +0 steam dragon scales
 v - a +0 plate armour (worn)
Jewellery
 m - an uncursed amulet of magic regeneration
 q - a ring of poison resistance (left hand)
 r - an amulet of guardian spirit (around neck)
Wands
 e - a wand of acid (9)
Scrolls
 h - 2 scrolls of identify
 l - 2 scrolls of magic mapping
 n - a scroll of teleportation
 o - a scroll of random uselessness {unknown}
Potions
 g - a potion of brilliance
 i - a potion of invisibility
 j - 3 potions of heal wounds
 k - 12 potions of curing
 s - 2 potions of agility
 u - a potion of magic {unknown}
Comestibles
 f - 12 rations
 p - a chunk of flesh


   Skills:
 + Level 4.2 Fighting
 * Level 15.7 Axes
 - Level 3.7 Armour
 + Level 4.2 Shields


You had 8 spell levels left.
You didn't know any spells.
Your spell library was empty.

Dungeon Overview and Level Annotations

Branches:
Dungeon (8/15)             Temple (1/1) D:6
   Lair: D:8-11

Altars:
Ashenzari
Cheibriados
Dithmenos
Elyvilon
Gozag
Hepliaklqana
Kikubaaqudgha
Makhleb
Nemelex Xobeh
Qazlal
Ru
Sif Muna
Vehumet
Wu Jian
Yredelemnul
The Shining One

Shops:
D:8 ?


Innate Abilities, Weirdness & Mutations

You reflexively headbutt those who attack you in melee.
You have a pair of horns on your head.


Message History

The two-headed ogre is moderately wounded.
The two-headed ogre hits you with a giant club!!
The two-headed ogre hits you but does no damage.
You slash the two-headed ogre!
The two-headed ogre is severely wounded.
You block the two-headed ogre's attack.
The two-headed ogre hits you with a giant spiked club!
You hit the two-headed ogre.
The two-headed ogre is severely wounded.
Your shield and plate armour prevent you from hitting the two-headed ogre.
The two-headed ogre is severely wounded.
The two-headed ogre hits you with a giant club!!
* * * LOW HITPOINT WARNING * * *
The two-headed ogre hits you with a giant spiked club!!
* * * LOW HITPOINT WARNING * * *
You hit the two-headed ogre.
The two-headed ogre is almost dead.
The two-headed ogre hits you but does no damage.
The two-headed ogre hits you with a giant spiked club!
You die...

#....#.........
#....##........
###....!#........
#................
##.###'###.)...... #..#
#.# #........
#..###.###........
########..###_..+........
.......O@.###.###..#.....
.......#..# #.# #..#.....
.......#..###'###..#.####
......O##............#
....... #####..####..###
....... ####.####..>..#
......? #.......#.#####
.......###.#####.#.##.#
#.........#....#


You could see a two-headed ogre.

Vanquished Creatures
  Pikel (D:7)
  Prince Ribbit (D:8)
  A spriggan (D:7)
  Eustachio (D:5)
  A hungry ghost (D:8)
  A steam dragon (D:7)
  Menkaure (D:7)
  An orc warrior (D:6)
  4 sky beasts
  An ice beast (D:8)
  2 black bears
  2 necrophages
  A phantom (D:5)
  2 ogres
  A centaur (D:5)
  2 bullfrogs
  A big kobold (D:7)
  2 scorpions
  A wyvern skeleton (D:6)
  A howler monkey (D:5)
  A crimson imp (D:5)
  4 hounds
  An orc wizard (D:6)
  3 bullfrog skeletons
  An iguana (D:8)
  7 worker ants
  2 killer bee zombies
  3 gnolls (D:3)
  12 adders
  An adder skeleton (D:8)
  5 worms
  A dart slug (D:2)
  3 leopard geckos
  10 orcs
  2 giant cockroaches (D:2)
  5 hobgoblins
  4 jackals (D:1)
  A quokka (D:7)
  8 bats
  5 frilled lizards
  8 goblins
  15 kobolds
  A leopard gecko skeleton (D:5)
  6 rats
137 creatures vanquished.

Vanquished Creatures (others)
  7 fungi (D:7)
7 creatures vanquished.

Grand Total: 144 creatures vanquished

Notes
Turn   | Place    | Note
-------+----------+-------------------------------------------
     0 | D:1      | royokou the Minotaur Fighter began the quest for the Orb.
     0 | D:1      | Reached XP level 1. HP: 19/19 MP: 0/0
   146 | D:1      | Reached skill level 3 in Axes
   149 | D:1      | Reached XP level 2. HP: 27/27 MP: 1/1
   837 | D:2      | Reached skill level 4 in Axes
   877 | D:2      | Reached XP level 3. HP: 33/33 MP: 2/2
  1190 | D:2      | Reached skill level 5 in Axes
  1223 | D:2      | Found a radiant altar of Vehumet.
  1227 | D:2      | Found a glowing golden altar of the Shining One.
  1232 | D:2      | Found a snail-covered altar of Cheibriados.
  1279 | D:2      | Reached XP level 4. HP: 40/40 MP: 3/3
  1548 | D:2      | Found an opulent altar of Gozag.
  2083 | D:3      | Reached skill level 6 in Axes
  2100 | D:3      | Reached XP level 5. HP: 36/46 MP: 4/4
  2411 | D:3      | Found a sacrificial altar of Ru.
  2624 | D:3      | Reached skill level 7 in Axes
  3167 | D:4      | Reached XP level 6. HP: 42/52 MP: 5/5
  3782 | D:5      | Entered Level 5 of the Dungeon
  4004 | D:5      | Reached skill level 8 in Axes
  4327 | D:5      | Reached skill level 9 in Axes
  4549 | D:5      | Reached XP level 7. HP: 56/58 MP: 6/6
  4622 | D:5      | Noticed Eustachio
  4741 | D:5      | Killed Eustachio
  4741 | D:5      | Reached skill level 10 in Axes
  5064 | D:6      | Found a staircase to the Ecumenical Temple.
  5070 | Temple   | Entered the Ecumenical Temple
  5099 | Temple   | Became a worshipper of Makhleb the Destroyer
  5205 | D:6      | Reached skill level 11 in Axes
  5205 | D:6      | Reached XP level 8. HP: 43/66 MP: 7/7
  5666 | D:6      | Reached skill level 12 in Axes
  6060 | D:6      | Found a shattered altar of Ashenzari.
  6476 | D:7      | Reached skill level 13 in Axes
  6601 | D:7      | Noticed Pikel
  6638 | D:7      | HP: 3/66 [steam dragon/ball of steam (10)]
  6995 | D:7      | Reached XP level 9. HP: 64/71 MP: 8/8
  7130 | D:7      | Noticed Menkaure
  7140 | D:7      | Killed Menkaure
  7205 | D:7      | Reached skill level 14 in Axes
  7923 | D:7      | Killed Pikel
  7923 | D:7      | Reached skill level 15 in Axes
  8167 | D:8      | Noticed Prince Ribbit
  8173 | D:8      | Killed Prince Ribbit
  8201 | D:8      | Reached * piety under Makhleb
  8344 | D:8      | Found an ancient bone altar of Kikubaaqudgha.
  8377 | D:8      | Found Kuyw's Magic Scroll Emporium.
  8382 | D:8      | Bought a scroll of remove curse for 33 gold pieces
  8421 | D:8      | Noticed a two-headed ogre
  8434 | D:8      | Mangled by a two-headed ogre

Vault maps used:
D:1:      eino_arrival_water_star
D:2:      minmay_overflow_temple_star_quad, first_ration,
          nicolae_gozag_seed_capital
D:3:      nicolae_ru_path_of_blood, uniq_crazy_yiuf_cottage
D:4:      amethyst_killhole
D:5:      uniq_eustachio
D:6:      minmay_temple_entry_butterflies, basic_altar
D:7:      kennysheep_steamy, the_bakery, uniq_pikel, uniq_menkaure
D:8:      lemuel_doored_altar, serial_shops, shop_statue, fedhas_altar_1,
          uniq_prince_ribbit1
Temple:   eino_temple_rhombus

Skill      XL: |  1  2  3  4  5  6  7  8  9 |
---------------+----------------------------+-----
Axes           | 3 4 5 6 7 9 11 13 15 | 15.7
Fighting       | 4 |  4.2
Shields        | 4 |  4.2
Armour         | |  3.7

Action                   |  1- 3 |  4- 6 |  7- 9 || total
-------------------------+-------+-------+-------++-------
Melee: War axe           |    74 |   167 |   225 ||   466
       Headbutt          |    10 |    25 |    56 ||    91
       Broad axe         |       |       |    23 ||    23
  Use: Scroll            |       |    12 |     3 ||    15
       Potion            |       |       |     1 ||     1
  Eat: Chunk             |     1 |     7 |    13 ||    21
       Ration            |       |     1 |       ||     1
Armor: Scale mail        |    45 |    29 |       ||    74
       Plate armour      |       |    20 |   118 ||   138
Dodge: Dodged            |    30 |    40 |    19 ||    89
Block: Shield            |    40 |    76 |    88 ||   204

Table legend:
 A = Spawn XP
 B = Non-spawn XP
 C = Spawn XP percentage of total XP
 D = Spawn monster count
 E = Non-spawn monster count
 F = Spawn count percentage of total count
 G = Total turns spent on level
                    A         B        C        D         E        F      G
               +---------+---------+-------+---------+---------+-------+---------
         Total |       0 |    5166 |   0.0 |       0 |     137 |   0.0 |  8434
               +---------+---------+-------+---------+---------+-------+---------
           D:1 |       0 |      35 |   0.0 |       0 |      23 |   0.0 |   816
           D:2 |       0 |     121 |   0.0 |       0 |      22 |   0.0 |  1080
           D:3 |       0 |     145 |   0.0 |       0 |      30 |   0.0 |   863
           D:4 |       0 |      86 |   0.0 |       0 |       4 |   0.0 |  1228
           D:5 |       0 |     853 |   0.0 |       0 |      18 |   0.0 |  1065
           D:6 |       0 |    1024 |   0.0 |       0 |      12 |   0.0 |  1447
           D:7 |       0 |    1965 |   0.0 |       0 |      19 |   0.0 |  1527
           D:8 |       0 |     937 |   0.0 |       0 |       9 |   0.0 |   362
               +---------+---------+-------+---------+---------+-------+---------
